 Dungeon Crawl Stone Soup version 0.29-a0-352-g0917bc69df (webtiles) character file.

Game seed: 5320388855824132366

54 pokeman the Magician (level 3, -2/20 HPs)
             Began as a Deep Elf Hedge Wizard on Apr 23, 2022.
             Slain by an orc wizard
             ... wielding a +0 dagger
              (3 damage)
             ... on level 3 of the Dungeon.
             The game lasted 00:03:53 (2057 turns).

pokeman the Magician (Deep Elf Hedge Wizard)        Turns: 2057, Time: 00:03:53

Health: -2/20      AC:  2    Str:  7    XL:     3   Next: 66%
Magic:  0/11       EV: 12    Int: 20    God:
Gold:   89         SH:  0    Dex: 14    Spells: 1/12 levels left

rFire   . . .      SeeInvis .   p - +1 short sword (holy)
rCold   . . .      Faith    .   (no shield)
rNeg    . . .      Spirit   .   b - +0 robe
rPois   .          Reflect  .   c - +0 hat
rElec   .          Harm     .   (no cloak)
rCorr   .          Rampage  .   (no gloves)
Will    .....                   (no boots)
Stlth   ++........              (no amulet)
HPRegen 0.06/turn               (no ring)
MPRegen 0.12/turn               (no ring)

@: no status effects
A: no striking features
a: no special abilities


You were on level 3 of the Dungeon.
You visited 1 branch of the dungeon, and saw 3 of its levels.

You collected 89 gold pieces.

Inventory:

Hand Weapons
 p - a +1 short sword of holy wrath (weapon)
Armour
 b - a +0 robe (worn)
 c - a +0 hat (worn)
 e - a +0 tower shield
Scrolls
 f - a scroll of amnesia {unknown}
 g - a scroll of enchant weapon {unknown}
 h - a scroll of vulnerability {unknown}
 j - 2 scrolls of teleportation {unknown}
 l - a scroll of holy word {unknown}
 m - a scroll of magic mapping {unknown}
 n - 4 scrolls of identify {unknown}
 o - a scroll of fog {unknown}
Potions
 d - 2 potions of magic
 i - a potion of lignification {unknown}
 k - a potion of might {unknown}


   Skills:
 - Level 1.0 Fighting
 - Level 1.0 Armour
 + Level 2.4 Dodging
 - Level 2.4 Stealth
 + Level 0.0 Shields
 * Level 5.3 Spellcasting
 + Level 2.0 Conjurations
 - Level 1.1 Summonings
 - Level 1.1 Translocations


You had one spell level left.
You knew the following spells:

 Your Spells              Type           Power      Damage    Failure   Level
a - Magic Dart            Conj           52%        1d5       4%          1
b - Mephitic Cloud        Conj/Pois/Air  8%         N/A       26%         3
c - Call Imp              Summ           9%         N/A       11%         2
d - Blink                 Tloc           18%        N/A       11%         2
e - Conjure Flame         Conj/Fire      9%         6-21      22%         3

Your spell library contained the following spells:

 Spells                   Type           Power      Damage    Failure   Level
 Slow                     Hex            20%        N/A       11%         1


Dungeon Overview and Level Annotations

Branches:
Dungeon (3/15)

Altars:


Message History

Aiming: Magic Dart (safe; 4% risk of failure)
Press: ? - help, Shift-Dir - straight line, f/p - orc
Aim: an orc, wielding a +0 club (moderately wounded, confused, 100% to hit)
The magic dart hits something but does no damage.
Something hits you but does no damage.
The orc throws a boomerang.
The boomerang hits you.
The frilled lizard is engulfed in noxious fumes.
The frilled lizard appears confused.
Casting: Magic Dart (safe; 4% risk of failure)
Confirm with . or Enter, or press ? or * to list all spells.
Aiming: Magic Dart (safe; 4% risk of failure)
Press: ? - help, Shift-Dir - straight line, f - orc, p - orc
Aim: an orc, wielding a +0 club, wearing a +0 ring mail and quivering boomerangs (100% to hit)
The magic dart hits something.
Something barely misses you.
The orc throws a boomerang.
The boomerang closely misses you.
The orc is engulfed in noxious fumes.
The orc appears confused.
The orc misses the orc.
Press: ? - help, v - describe, . - travel
Here: an orc, wielding a +0 club, wearing a +0 ring mail and quivering boomerangs The floor.
Unknown command.
Casting: Magic Dart (safe; 4% risk of failure)
Confirm with . or Enter, or press ? or * to list all spells.
You don't know that spell.
Unknown command.
You hear some strange, mumbled words.
A puff of flame appears from out of thin air!
The puff of flame hits you!
Ouch! That really hurt!
* * * LOW HITPOINT WARNING * * *
The orc hits something with a +0 club.
You close the door.
Something unseen opens the door.
The orc gestures wildly.
The orc hits something but does no damage.
Casting: Magic Dart (safe; 4% risk of failure)
Confirm with . or Enter, or press ? or * to list all spells.
A beastly little devil appears in a puff of frigid air.
A goblin comes into view. It is wielding a +0 dagger.
You swap places.
Something hits you.
You die...

#.........##.....###.#####..
#................'......†...
########.........###.######.
###.......# #.# ####.......#
#.# +.....###### #.#
..###...### #.#
..........######.#
..g......@'o.....#
..........##ol...#
.##+#+###.# .....# ..#
o....# ##.# ....># #.#
o....# #.# ..o..# #.# ....?.


You could see 2 orcs, a goblin, a frilled lizard (confused) and a friendly white
imp (summoned).

Vanquished Creatures
  An adder (D:2)
  A worm (D:2)
  2 dart slugs (D:2)
  An orc (D:3)
  5 bats
  2 endoplasms (D:1)
  2 giant cockroaches (D:1)
  5 goblins
  3 hobgoblins
  2 quokkas (D:1)
  5 ball pythons
  A frilled lizard (D:1)
  3 kobolds (D:2)
  2 rats (D:1)
35 creatures vanquished.

Notes
Turn   | Place    | Note
-------+----------+-------------------------------------------
     0 | D:1      | pokeman the Deep Elf Hedge Wizard began the quest for the
                  | Orb.
     0 | D:1      | Reached XP level 1. HP: 10/10 MP: 7/7
   319 | D:1      | Reached XP level 2. HP: 16/16 MP: 6/9
   724 | D:1      | Found a faded altar of an unknown god.
  1019 | D:1      | Reached skill level 5 in Spellcasting
  1248 | D:2      | Reached XP level 3. HP: 20/20 MP: 2/11
  1251 | D:2      | Learned a level 2 spell: Call Imp
  1255 | D:2      | Learned a level 3 spell: Mephitic Cloud
  1258 | D:2      | Learned a level 2 spell: Blink
  1262 | D:2      | Learned a level 3 spell: Conjure Flame
  1595 | D:2      | Reached skill level 1 in Armour
  1871 | D:3      | Reached skill level 1 in Fighting
  2054 | D:3      | HP: 1/20 [something/puff of flame (13)]
  2057 | D:3      | Slain by an orc wizard

Illustrated notes

Levels and vault maps discovered:
D:1:      heliophobic_arrival_enchanted_forest, layout_basic,
          chequers_ecumenical_altar_twisty
D:2:      layout_basic
D:3:      layout_basic, grunt_temple_overflow_open, uniq_sigmund

Skill      XL: |  1  2  3 |
---------------+----------+-----
Spellcasting   | 5 |  5.3
Armour         | 1 |  1.0
Fighting       | 1 |  1.0
Conjurations   | 2 |  2.0
Dodging        | |  2.4
Stealth        | |  2.4
Summonings     | |  1.1
Translocations | |  1.1

Action                   || total
-------------------------++-------
 Cast: Magic Dart        ||    95
       Conjure Flame     ||     1
       Mephitic Cloud    ||     1
       Call Imp          ||     1
Armor: Robe              ||     1
Dodge: Dodged            ||     4

Table legend: (Time is in decaauts)
 A = Elapsed time spent in this place.
 B = Non-inter-level travel time spent in this place.
 C = Inter-level travel time spent in this place.
 D = Time resting spent in this place.
 E = Time spent auto-exploring this place.
 F = Levels seen in this place.
 G = Mean time per level.
                   A        B        C        D        E       F      G
               +--------+--------+--------+--------+--------+-----+--------+
         Total |   2056 |   2001 |     55 |     25 |   1763 |   3 |  685.3 |
       Dungeon |   2056 |   2001 |     55 |     25 |   1763 |   3 |  685.3 |
               +--------+--------+--------+--------+--------+-----+--------+

Top non-repeatable levels by time:
     D:1: 1154 daAuts
     D:2: 709 daAuts
     D:3: 192 daAuts
